 Dungeon Crawl Stone Soup version 0.18.1-50-g88ac8fd (webtiles) character file.

131 Gemmine the Skirmisher (level 4, -4/41 HPs)
             Began as a Minotaur Berserker on Feb 7, 2017.
             Was a Priest of Trog.
             Slain by Terence
             ... wielding a +3 hand axe of electrocution
              (16 damage)
             ... on level 3 of the Dungeon.
             The game lasted 00:04:51 (1774 turns).

Gemmine the Skirmisher (Minotaur Berserker)         Turns: 1774, Time: 00:04:51

Health: -4/41      AC:  8    Str: 22    XL:     4   Next: 91%
Magic:  3/3        EV:  8    Int:  4    God:    Trog [***...]
Gold:   135        SH:  8    Dex: 10    Spells: 0 memorised, 3 levels left

rFire  . . .     SeeInvis .     a - +0 hand axe
rCold  + . .     Gourm    .     h - +0 scale mail
rNeg   . . .     Faith    .     g - +0 shield
rPois  .         Spirit   .     (helmet restricted)
rElec  .         Dismiss  .     (no cloak)
rCorr  .         Reflect  .     (no gloves)
SustAt .         Harm     .     e - +0 pair of boots
MR     .....                    (no amulet)
Stlth  ..........               (no ring)
                                j - ring of protection from cold

@: not resistant to hostile enchantments, extremely unstealthy
A: retaliatory headbutt, horns 2
a: Berserk, Trog's Hand, Burn Spellbooks, Renounce Religion


You were on level 3 of the Dungeon.
You worshipped Trog.
Trog was most pleased with you.
You were not hungry.

You visited 1 branch of the dungeon, and saw 3 of its levels.

You collected 135 gold pieces.

Inventory:

Hand Weapons
 a - a +0 hand axe (weapon)
Missiles
 m - 5 tomahawks (quivered)
Armour
 e - a +0 pair of boots (worn)
 g - a +0 shield (worn)
 h - a +0 scale mail (worn)
Jewellery
 j - a ring of protection from cold (left hand)
 k - an uncursed ring of protection from fire {unknown}
Scrolls
 f - a scroll of remove curse {unknown}
 n - a scroll of identify
Potions
 b - a potion of cure mutation
 i - a potion of haste {unknown}
 l - a potion of mutation {unknown}
Comestibles
 c - a bread ration
 d - 2 beef jerkies


   Skills:
 + Level 4.7 Fighting
 + Level 4.5 Axes
 + Level 3.4 Armour
 + Level 3.1 Dodging
 + Level 1.3 Shields


You had 3 spell levels left.
You didn't know any spells.

Dungeon Overview and Level Annotations

Branches:
Dungeon (3/15)

Altars:
Ashenzari
Dithmenos
Trog

Annotations:
D:3 Terence


Innate Abilities, Weirdness & Mutations

You reflexively headbutt those who attack you in melee.
You have a pair of horns on your head.


Message History

Terence shouts!
Terence zaps a wand.
The puff of flame hits you!
It is a wand of flame.
Found a paperback book.
You block Terence's attack.
You hit Terence but do no damage. Terence hits you but does no damage.
You hit Terence.
Terence is moderately wounded.
Terence hits you but does no damage.
You are electrocuted!
You hit Terence. You headbutt Terence.
Terence is severely wounded.
Terence hits you but does no damage.
You are electrocuted!
You hit Terence.
Terence is severely wounded.
Terence hits you with a hand axe of electrocution.
You closely miss Terence.
Terence is severely wounded.
Terence hits you with a hand axe of electrocution.
* * * LOW HITPOINT WARNING * * *
You are electrocuted!
You die...

####...####.........
#.......'........[
##...####.........
#....# ##.......#
#.#.## ##.....##
#.### ##...### #.#
##'## # #.# #.# #@#
#######.# #@#
#.......## ...
#.####...## .....
#.###.....# #......
.........##
#.:...###.......####
##...## #####..((...
##### ########


You could see Terence.

Vanquished Creatures
  Jessica (D:3)
  4 adders (D:2)
  A worm (D:2)
  2 dart slugs (D:1)
  3 orcs (D:3)
  A ball python (D:1)
  8 bats
  3 giant cockroaches (D:2)
  7 goblins
  5 hobgoblins
  4 jackals (D:2)
  10 kobolds
  A quokka (D:2)
  3 giant newts
  6 rats
59 creatures vanquished.

Notes
Turn   | Place    | Note
--------------------------------------------------------------
     0 | D:1      | Gemmine the Minotaur Berserker began the quest for the Orb.
     0 | D:1      | Reached XP level 1. HP: 19/19 MP: 0/0
     4 | D:1      | Noticed a merfolk zombie
     5 | D:1      | Noticed a merfolk zombie
    67 | D:1      | Reached XP level 2. HP: 21/27 MP: 1/1
   447 | D:1      | Reached ** piety under Trog
   538 | D:1      | Reached XP level 3. HP: 30/33 MP: 2/2
   860 | D:2      | Reached XP level 4. HP: 40/41 MP: 3/3
   950 | D:2      | Found a shattered altar of Ashenzari.
   979 | D:2      | Found a faded altar to an unknown god.
  1069 | D:2      | Found a shadowy altar of Dithmenos.
  1089 | D:2      | Reached skill level 1 in Shields
  1216 | D:2      | Found a shadowy altar of Dithmenos.
  1216 | D:2      | Found a bloodstained altar of Trog.
  1370 | D:3      | Noticed Jessica
  1375 | D:3      | Killed Jessica
  1733 | D:3      | Reached *** piety under Trog
  1766 | D:3      | Noticed Terence
  1774 | D:3      | Slain by Terence

Skill      XL: |  1  2  3  4 |
---------------+-------------+-----
Fighting       | 4 |  4.7
Axes           | 4 |  4.5
Armour         | 3 |  3.4
Dodging        | 3 |  3.1
Shields        | 1 |  1.3

Action                   |  1- 3 |  4- 6 || total
-------------------------+-------+-------++-------
Melee: Hand axe          |    82 |    61 ||   143
       Headbutt          |    12 |     8 ||    20
  Use: Scroll            |     6 |     3 ||     9
  Eat: Meat ration       |       |     1 ||     1
Armor: Animal skin       |     6 |       ||     6
       Ring mail         |    27 |       ||    27
       Scale mail        |    23 |    30 ||    53
Dodge: Dodged            |    62 |    22 ||    84
Block: Shield            |    23 |    34 ||    57
